 Dungeon Crawl Stone Soup version 0.29.0-13-gc9e81de378 (webtiles) character file.

Game seed: 13296012459810074861

3266 sentinel the Thaumaturge (level 10, -4/81 HPs)
             Began as a Meteoran Earth Elementalist on Sept 9, 2022.
             Was a Believer of Cheibriados.
             Slain by a killer bee (8 damage)
             ... on level 9 of the Dungeon.
             The game lasted 00:14:25 (1442 turns).

sentinel the Thaumaturge (MeEE)                     Turns: 1442, Time: 00:14:26

Health: -4/81      AC:  3    Str: 14    XL:     10   Next: 42%
Magic:  17/27      EV: 13    Int: 25    God:    Cheibriados [**....]
Gold:   0          SH:  0    Dex: 22    Spells: 27/33 levels left

rFire   . . .      SeeInvis .   c - +0 dagger (venom)
rCold   + . .      Faith    .   (no shield)
rNeg    . . .      Spirit   .   b - +1 robe {rC+}
rPois   .          Reflect  .   (no helmet)
rElec   .          Harm     .   (no cloak)
rCorr   .          Rampage  .   (no gloves)
Will    +....                   (no boots)
Stlth   +.........              e - amulet of regeneration
HPRegen 1.03/turn               (no ring)
MPRegen 0.20/turn               (no ring)

@: lethally poisoned (-4 -> -7), glowing, very slow
A: sense surroundings 2, otherworldly, glowing, explore regen
a: Renounce Religion, Bend Time


You were on level 9 of the Dungeon.
You worshipped Cheibriados.
Cheibriados was pleased with you.
You visited 2 branches of the dungeon, and saw 12 of its levels.

Inventory:

Hand Weapons
 c - a +0 dagger of venom (weapon)
 k - a +4 war axe
Missiles
 l - 4 curare-tipped darts
Armour
 a - a +0 robe
 b - a +1 robe of cold resistance (worn)
Jewellery
 e - an amulet of regeneration (around neck)
Scrolls
 f - a scroll of fog
 g - 2 scrolls of poison
 i - a scroll of silence {!r}
 j - a scroll of vulnerability {unknown}
 m - a scroll of summoning {unknown}
 n - a scroll of brand weapon {unknown}
 o - a scroll of amnesia {unknown}
 t - a scroll of teleportation
Potions
 d - 2 potions of attraction {unknown}
 h - a potion of resistance {unknown}
Miscellaneous
 X - a box of beasts (inert)


   Skills:
 - Level 5.0 Fighting
 - Level 2.4 Dodging
 - Level 1.4 Stealth
 + Level 12.4 Spellcasting
 - Level 5.0 Conjurations
 - Level 1.2 Transmutations
 - Level 6.0 Earth Magic
 - Level 6.0 Evocations


You had 27 spell levels left.
You knew the following spells:

 Your Spells              Type           Power      Damage    Failure   Level
a - Sandblast             Erth           90%        2d19      1%          1
b - Stone Arrow           Conj/Erth      86%        3d12      1%          3
c - Passwall              Tmut/Erth      27%        N/A       1%          2

Your spell library contained the following spells:

 Spells                   Type           Power      Damage    Failure   Level
 Static Discharge         Conj/Air       28%        3-7/arc   1%          2
 Beastly Appendage        Tmut           42%        N/A       2%          1
 Wereblood                Tmut           21%        N/A       3%          2
 Spider Form              Tmut/Pois      18%        N/A       9%          3
 Petrify                  Tmut/Erth      33%        N/A       9%          4
 Inner Flame              Hex/Fire       15%        N/A       12%         3
 Cause Fear               Hex            7%         N/A       36%         4
 Lightning Bolt           Conj/Air       14%        1d27      36%         5
 Discord                  Hex            7%         N/A       100%        8
 Maxwell's Capacitive Co  Air            7%         ∞         100%        8


Dungeon Overview and Level Annotations

Branches:
Dungeon (11/15) Zot: 7917  Temple (1/1) D:5 Zot: 861
   Lair: D:8-11         Orc: D:9-12

Altars:
Ashenzari
Cheibriados
Elyvilon
Fedhas
Hepliaklqana
Kikubaaqudgha
Makhleb
Okawaru
Qazlal
Ru
Sif Muna
Trog
Wu Jian
Yredelemnul
Zin
The Shining One

Shops:
D:9 [   D:10 (

Annotations:
D:11 Harold


Innate Abilities, Weirdness & Mutations

You passively map the area around you.
You are easily found by Zot.
You glow in the dark.
You regain HP and MP as you explore.


Message History

Cheibriados thoroughly appreciates the change of pace.
You feel sick. The orc barely misses you.
The blast of sand hits the orc.
The orc is moderately wounded.
You feel sick. The orc hits you with a +0 club.
The blast of sand hits the orc!
You kill the orc!
Cheibriados appreciates the change of pace.
You feel sick.
You are no longer poisoned.
You can't see any susceptible monsters within range! (Use Z to cast anyway.)
Items here: )) [[.
Casting: Sandblast (safe; 1% risk of failure)
Confirm with . or Enter, or press ? or * to list all spells.
Aiming: Passwall (safe; 1% risk of failure)
Press: ? - help, Dir - move target A rock wall.
You begin to meditate on the wall.
You continue meditating on the rock. x2
You finish merging with the rock.
Found 6 stones.
Casting: Passwall (safe; 1% risk of failure)
Confirm with . or Enter, or press ? or * to list all spells.
Aiming: Passwall (safe; 1% risk of failure)
Press: ? - help, Dir - move target A rock wall.
This rock feels extremely deep.
Casting: Passwall (safe; 1% risk of failure)
Confirm with . or Enter, or press ? or * to list all spells.
Aiming: Passwall (safe; 1% risk of failure)
Press: ? - help, Dir - move target A rock wall.
You begin to meditate on the wall.
You continue meditating on the rock. x3
You finish merging with the rock.
Found 8 stones.
Casting: Passwall (safe; 1% risk of failure)
Confirm with . or Enter, or press ? or * to list all spells.
Aiming: Passwall (safe; 1% risk of failure)
Press: ? - help, Dir - move target A rock wall.
You begin to meditate on the wall.
You continue meditating on the rock. x2
You finish merging with the rock.
Found 6 curare-tipped darts.
The blast of sand misses the killer bee.
The killer bee buzzes angrily. x3
Casting: Sandblast (safe; 1% risk of failure)
Confirm with . or Enter, or press ? or * to list all spells.
Aiming: Stone Arrow (safe; 1% risk of failure)
Press: ? - help, Shift-Dir - straight line, f - killer bee, p - killer bee
Aim: a killer bee (51% to hit)
Okay, then.
You open the lid... ...and a juvenile batsting beast flies out!
The box is emptied!
The killer bee misses you. The killer bee closely misses you.
The killer bee stings you! The killer bee stings you.
Casting: Stone Arrow (safe; 1% risk of failure)
Confirm with . or Enter, or press ? or * to list all spells.
Aiming: Stone Arrow (safe; 1% risk of failure)
Press: ? - help, Shift-Dir - straight line, f - killer bee, p - killer bee
Aim: a killer bee (51% to hit)
The stone arrow hits the killer bee!
The killer bee is almost dead.
The killer bee stings you. The killer bee stings you!
Your juvenile batsting beast completely misses the killer bee. x2
The killer bee closely misses you.
The killer bee stings you but does no damage.
The killer bee closely misses you.
The killer bee stings you but does no damage. x2
The blast of sand misses the killer bee.
The killer bee barely misses you. The killer bee stings you.
You are poisoned.
The killer bee poisons you! The killer bee stings you!
The killer bee closely misses you. x2
Your juvenile batsting beast stings the killer bee but does no damage.
The killer bee stings you but does no damage. x2
The killer bee barely misses you. The killer bee closely misses you.
The killer bee stings you!
Your juvenile batsting beast closely misses the killer bee.
The killer bee barely misses you. The killer bee stings you.
You are more poisoned.
The killer bee poisons you! The killer bee misses you.
The killer bee stings you! The killer bee closely misses you.
Your juvenile batsting beast completely misses the killer bee.
The blast of sand hits the killer bee!
You kill the killer bee!
Cheibriados thoroughly appreciates the change of pace.
You feel very sick. The killer bee closely misses you.
The killer bee completely misses you. The killer bee closely misses you.
The killer bee misses you.
Your juvenile batsting beast misses the killer bee.
The killer bee closely misses you. The killer bee barely misses you.
The killer bee misses you. The killer bee closely misses you.
Your juvenile batsting beast stings the killer bee from afar.
The killer bee stings you.
* * * LOW HITPOINT WARNING * * *
You are more poisoned.
The killer bee poisons you!
The killer bee stings you but does no damage. x2
The killer bee barely misses you.
Your juvenile batsting beast completely misses the killer bee.
You feel better. The killer bee stings you! The killer bee misses you.
The killer bee stings you.
* * * LOW HITPOINT WARNING * * *
The killer bee stings you!
* * * LOW HITPOINT WARNING * * *
You are poisoned.
The killer bee poisons you!
Your juvenile batsting beast misses the killer bee.
The killer bee stings you!
* * * LOW HITPOINT WARNING * * *
The killer bee barely misses you. The killer bee closely misses you.
The killer bee misses you.
Your juvenile batsting beast misses the killer bee.
HP warning!
You feel better. The killer bee stings you!
* * * LOW HITPOINT WARNING * * *
The killer bee closely misses you. The killer bee misses you. x2
Your juvenile batsting beast stings the killer bee from afar.
The killer bee stings you.
* * * LOW HITPOINT WARNING * * *
You are poisoned.
The killer bee poisons you! The killer bee barely misses you.
The killer bee closely misses you. The killer bee misses you.
Your juvenile batsting beast barely misses the killer bee.
HP warning!
Okay, then.
Unknown command.
You are too injured to fight recklessly!
Casting: Sandblast (safe; 1% risk of failure)
Confirm with . or Enter, or press ? or * to list all spells.
Aiming: Stone Arrow (safe; 1% risk of failure)
Press: ? - help, Shift-Dir - straight line, f - killer bee
Aim: a killer bee (51% to hit)
The stone arrow misses the killer bee.
You feel sick.
The killer bee stings you but does no damage.
The killer bee closely misses you. x3
Your juvenile batsting beast completely misses the killer bee.
The killer bee stings you.
* * * LOW HITPOINT WARNING * * *
You are more poisoned.
The killer bee poisons you! The killer bee barely misses you. x2
The killer bee closely misses you.
Your juvenile batsting beast stings the killer bee from afar!
HP warning!
Casting: Stone Arrow (safe; 1% risk of failure)
Confirm with . or Enter, or press ? or * to list all spells.
Aiming: Stone Arrow (safe; 1% risk of failure)
Press: ? - help, Shift-Dir - straight line, f - killer bee, p - killer bee
Aim: a killer bee (severely wounded, ally target, 51% to hit)
The stone arrow misses the killer bee.
* * * LOW HITPOINT WARNING * * *
You feel sick. The killer bee stings you!
You die...

* , (...#.........
+........ * , ,
...#......... #........ *
,
*,,#..###..#####+######...
* ##..#########.. ####
#.....#........ , ,
#.....#........ , *
#.....#...(.... ,*
#.....#yy...... ,, ,
#.....#@....... , #..
#....##yy..##.. , #...
#....##....# * * #...
#......H...+,,, ....
#..........#, ,, ,...
#..........# , ....
##.........# ####+##...
###########*##....##...
#..........


You could see 4 killer bees and a friendly juvenile batsting beast (summoned).

Vanquished Creatures
  A troll (D:8)
  2 wyverns
  A wraith (D:10)
  A yak (D:11)
  Eustachio (D:6)
  A water moccasin (D:6)
  Duvessa (D:6)
  3 ice beasts
  A sky beast (D:8)
  A centaur (D:3)
  A kobold brigand (D:8)
  A bullfrog (D:6)
  13 wights
  Dowan (D:6)
  2 killer bees (D:9)
  6 howler monkeys
  2 orc priests (D:9)
  A hound (D:3)
  4 jellies
  2 iguanas
  6 orc wizards
  5 adders
  4 gnolls (D:5)
  A shadow imp (D:3)
  An ufetubus (D:5)
  A worm (D:3)
  17 orcs
  4 endoplasms
  2 giant cockroaches
  4 goblins
  3 hobgoblins
  A ball python (D:3)
  A bat (D:1)
  9 kobolds
105 creatures vanquished.

Vanquished Creatures (others)
  3 plants (D:8)
3 creatures vanquished.

Grand Total: 108 creatures vanquished

Notes
Turn   | Place    | Note
-------+----------+-------------------------------------------
     0 | D:1      | sentinel the Meteoran Earth Elementalist began the quest
                  | for the Orb.
     0 | D:1      | Reached XP level 1. HP: 14/14 MP: 5/5
   140 | D:2      | Reached XP level 2. HP: 20/20 MP: 3/6
   165 | D:2      | Reached XP level 3. HP: 26/26 MP: 6/8
   168 | D:2      | Learned a level 2 spell: Passwall
   172 | D:2      | Learned a level 3 spell: Stone Arrow
   200 | D:2      | Reached skill level 1 in Conjurations
   240 | D:3      | Reached skill level 3 in Spellcasting
   240 | D:3      | Reached XP level 4. HP: 21/33 MP: 3/9
   249 | D:3      | Found a transporter.
   252 | D:3      | Noticed a centaur
   259 | D:3      | Found a white marble altar of Elyvilon.
   265 | D:3      | Found a transporter.
   270 | D:3      | Killed a centaur
   271 | D:3      | Reached skill level 5 in Earth Magic
   271 | D:3      | Reached XP level 5. HP: 35/38 MP: 6/11
   292 | D:3      | Reached XP level 6. HP: 41/45 MP: 0/12
   348 | D:4      | Noticed an ogre
   364 | D:4      | Found an iron altar of Okawaru.
   405 | D:4      | Reached skill level 4 in Spellcasting
   470 | D:5      | Entered Level 5 of the Dungeon
   488 | D:5      | Reached XP level 7. HP: 50/50 MP: 7/14
   536 | D:5      | Found a staircase to the Ecumenical Temple.
   540 | D:5      | Reached skill level 5 in Conjurations
   545 | Temple   | Entered the Ecumenical Temple
   559 | Temple   | Became a worshipper of Cheibriados the Contemplative
   596 | D:6      | Reached skill level 1 in Fighting
   596 | D:6      | Reached skill level 1 in Evocations
   645 | D:6      | Noticed Dowan
   646 | D:6      | Noticed Duvessa
   655 | D:6      | Killed Duvessa
   656 | D:6      | Reached skill level 5 in Spellcasting
   657 | D:6      | Killed Dowan
   658 | D:6      | Reached XP level 8. HP: 25/61 MP: 11/16
   833 | D:6      | Noticed Eustachio
   835 | D:6      | Killed Eustachio
   880 | D:6      | Reached skill level 6 in Spellcasting
   913 | D:7      | Gained mutation: You passively map the area around you.
                  | [Meteoran growth]
   913 | D:7      | Reached XP level 9. HP: 71/71 MP: 8/20
   918 | D:7      | Found a hazy altar of Hepliaklqana.
   938 | D:7      | Reached skill level 7 in Spellcasting
   938 | D:7      | Reached skill level 5 in Evocations
   944 | D:7      | Reached * piety under Cheibriados
   956 | D:7      | Reached skill level 5 in Fighting
   993 | D:8      | Reached skill level 8 in Spellcasting
  1056 | D:8      | Found an ornate altar of the Wu Jian Council.
  1087 | D:9      | Reached skill level 9 in Spellcasting
  1104 | D:10     | Entered Level 10 of the Dungeon
  1163 | D:8      | Reached ** piety under Cheibriados
  1184 | D:8      | Noticed a troll
  1189 | D:8      | Killed a troll
  1190 | D:8      | Reached skill level 10 in Spellcasting
  1190 | D:8      | Reached XP level 10. HP: 81/81 MP: 2/25
  1252 | D:9      | Reached skill level 11 in Spellcasting
  1271 | D:9      | Found Pucwais's Antique Armour Shoppe.
  1311 | D:10     | Found Ybokeh's Weapon Boutique.
  1354 | D:11     | Noticed Harold
  1403 | D:9      | Reached skill level 12 in Spellcasting
  1442 | D:9      | HP: 4/81 [poisoned by a killer bee]
  1442 | D:9      | Slain by a killer bee

Illustrated notes

Levels and vault maps discovered:
D:1:      reono_arrival_forest_river, layout_basic, kennysheep_crisscross
D:2:      layout_basic, lightli_corner_chamber
D:3:      layout_basic, general_overflow_altar, gammafunk_temple_overflow_arena,
          chequers_serial_rivers_large_a, st_stairs_12, grunt_ministairs_2
D:4:      layout_loops_ring, okawaru_trees_2, uniq_natasha, uniq_ijyb
D:5:      layout_layer_cave, minmay_temple_entry_large_hall, uniq_pikel
D:6:      layout_gridville, minmay_misc_feat_diagonals, uniq_eustachio,
          uniq_duvessa, uniq_maggie
D:7:      layout_loops_ring, mainiacjoe_overflow_paths
D:8:      layout_loops_ring, mainiacjoe_overflow_small_starburst,
          minmay_lair_entry_grove, dreamdust_princess_bridge,
          serial_bayou_pond_c, minmay_nine_imps, uniq_joseph
D:9:      layout_gridville, xom_confusion_cloud,
          nicolae_gozag_cash_rules_everything_around_me, serial_shops,
          nicolae_shop_behind_doors
D:10:     layout_cave_pools, amcnicky_altar_gilded, dancing_weapons_uskayaw,
          serial_shops, shop, hangedman_glass_teeth
D:11:     layout_roguey, serial_park_tiny_pond, abandoned_shop, uniq_maurice,
          uniq_erolcha, uniq_harold, uniq_urug
Temple:   cyrus_circular_temple

Skill      XL: |  1  2  3  4  5  6  7  8  9 10 |
---------------+-------------------------------+-----
Earth Magic    | 4 5 6 |  6.0
Conjurations   | 1 3 4 5 |  5.0
Spellcasting   | 3 4 5 6 10 12 | 12.4
Fighting       | 2 4 5 |  5.0
Evocations     | 2 4 6 |  6.0
Dodging        | |  2.4
Stealth        | |  1.4
Transmutations | |  1.2

Action                   |  1- 3 |  4- 6 |  7- 9 | 10-12 || total
-------------------------+-------+-------+-------+-------++-------
Melee: Unarmed           |     1 |     4 |       |       ||     5
       Dagger            |       |       |     3 |       ||     3
Throw: Dart              |       |       |     5 |       ||     5
 Cast: Sandblast         |    20 |    32 |    52 |    17 ||   121
       Passwall          |     4 |       |    20 |    10 ||    34
       Stone Arrow       |       |     5 |    53 |    19 ||    77
Evoke: Box of beasts     |       |       |     1 |     1 ||     2
  Use: Scroll            |       |     2 |     3 |     2 ||     7
       Potion            |       |       |     3 |     2 ||     5
Armor: Robe              |     3 |     4 |    18 |    12 ||    37
Dodge: Dodged            |     4 |    16 |    43 |    53 ||   116
